 Dungeon Crawl Stone Soup version 0.29.0-11-gd7f09526c8 (webtiles) character file.

Game seed: 3452304929925601459

25 Zonian the Grave Robber (level 2, -5/19 HPs)
             Began as a Demonspawn Necromancer on Sept 4, 2022.
             Slain by a worm (10 damage)
             ... on level 2 of the Dungeon.
             The game lasted 00:01:01 (1572 turns).

Zonian the Grave Robber (Demonspawn Necromancer)    Turns: 1572, Time: 00:01:02

Health: -5/19      AC:  2    Str:  8    XL:     2   Next: 82%
Magic:  0/5        EV: 12    Int: 16    God:
Gold:   41         SH:  0    Dex: 13    Spells: 4/5 levels left

rFire   . . .      SeeInvis .   c - +0 short sword
rCold   . . .      Faith    .   (no shield)
rNeg    . . .      Spirit   .   a - +0 robe
rPois   .          Reflect  .   (no helmet)
rElec   .          Harm     .   (no cloak)
rCorr   .          Rampage  .   (no gloves)
Will    .....                   (no boots)
Stlth   ++........              (no amulet)
HPRegen 0.06/turn               (no ring)
MPRegen 0.09/turn               (no ring)

@: no status effects
A: claws 1
a: no special abilities


You were on level 2 of the Dungeon.
You visited 1 branch of the dungeon, and saw 2 of its levels.

You collected 41 gold pieces.

Inventory:

Hand Weapons
 c - a +0 short sword (weapon)
Armour
 a - a +0 robe (worn)
Scrolls
 d - a scroll of noise {unknown}
 e - a scroll of identify {unknown}
 f - a scroll of vulnerability {unknown}
Potions
 b - a potion of magic


   Skills:
 + Level 2.1 Dodging
 + Level 2.2 Stealth
 + Level 2.3 Spellcasting
 + Level 4.6 Necromancy


You had 4 spell levels left.
You knew the following spells:

 Your Spells              Type           Power      Damage    Failure   Level
a - Necrotise             Necr           64%        1d7       3%          1

Your spell library contained the following spells:

 Spells                   Type           Power      Damage    Failure   Level
 Vampiric Draining        Necr           16%        2d7       9%          3
 Animate Dead             Necr           16%        N/A       28%         4
 Agony                    Necr           16%        N/A       63%         5


Dungeon Overview and Level Annotations

Branches:
Dungeon (2/15)

Altars:


Innate Abilities, Weirdness & Mutations

You have sharp fingernails.


Message History

There is a stone staircase leading down here.
You climb downwards.
There is a stone staircase leading up here.
Unknown command.
A ball python comes into view.
A ball python is nearby!
Unknown command.
You hit the ball python.
You kill the ball python!
No target in view!
No target in view!
Unknown command.
You see here a ball python corpse.
f - a scroll labelled AREANU ENAO
Found 5 stones.
Unknown command.
A worm comes into view.
A worm is nearby!
Unknown command.
The helpless worm fails to defend itself.
You hit the worm.
The worm is lightly wounded.
Unknown command.
The worm writhes in agony.
The worm bites you.
The worm writhes in agony.
The worm writhes in agony.
The worm completely misses you.
Unknown command.
The worm writhes in agony.
The worm closely misses you.
The worm writhes in agony.
Unknown command.
You barely miss the worm.
The worm is almost dead.
The worm bites you!
Ouch! That really hurt!
* * * LOW HITPOINT WARNING * * *
You hit the worm.
The worm is almost dead.
The worm bites you!
Ouch! That really hurt!
You die...

#####.##### #.........#
#.###†###.###
########...........#
.......<..##.###.#.##
####.###.###.###....####
### ####...#.....
###....#... #@..#.##.##
#w##.#.# # ## .....
..#... ...##..(. ...#
.### .#.## #


You could see a worm.

Vanquished Creatures
  A dart slug (D:1)
  2 ball pythons
  5 endoplasms (D:1)
  A giant cockroach (D:1)
  2 goblins (D:1)
  3 hobgoblins (D:1)
  2 kobolds (D:1)
  A quokka (D:1)
17 creatures vanquished.

Notes
Turn   | Place    | Note
-------+----------+-------------------------------------------
     0 | D:1      | Zonian the Demonspawn Necromancer began the quest for the
                  | Orb.
     0 | D:1      | Reached XP level 1. HP: 13/13 MP: 3/3
     6 | D:1      | Noticed a basilisk
     6 | D:1      | Noticed an imperial myrmidon
     7 | D:1      | Noticed a frost giant
   369 | D:1      | Gained mutation: You have sharp fingernails. [demonic
                  | ancestry]
   369 | D:1      | Reached XP level 2. HP: 19/19 MP: 5/5
  1572 | D:2      | Slain by a worm

Illustrated notes

Levels and vault maps discovered:
D:1:      onia_arrival_zoo_common, layout_basic
D:2:      cheibrodos_pilgrimage, layout_loops_ring,
          chequers_ecumenical_altar_twisty, basic_altar, nicolae_hexahallways

Skill      XL: |  1 |
---------------+----+-----
Stealth        | 2 |  2.2
Dodging        | 2 |  2.1
Spellcasting   | |  2.3
Necromancy     | |  4.6

Action                   || total
-------------------------++-------
Melee: Short sword       ||    37
       Unarmed           ||     3
 Cast: Necrotise         ||    18
 Stab: Sleeping          ||     3
Armor: Robe              ||     3
Dodge: Dodged            ||    25
